Match 41202106
Unlisted

Match 41202106
End
Construct Infanterie Kompanie
Selects Terror Battlegroup
MG 42 Machine Gun Team
Grenadier Squad
Selects Machine Gun Camouflage
MG 42 Machine Gun Team
MG 42 Machine Gun Team
Grenadier Squad
Infanterie Officer Quarters
Construct Panzergrenadier Kompanie
Selects Contempt for the Weak
Pak 40 Anti-tank Gun Team
Grenadier Squad
Grenadier Squad
Pak 40 Anti-tank Gun Team
Selects Jericho Trumpet
Jericho Trumpet
Construct Panzer Kompanie
Stoßtruppen Squad
Panzer Officer Quarters
Selects V1 Rocket Strike
Pioneer Squad
Panzer IV Medium Tank
Jericho Trumpet
Panzer IV Medium Tank
Pioneer Squad
Pioneer Squad
GrW 34 Mortar Team
V1 Rocket Strike
Panzer IV Medium Tank
Selects No Quarter
Panzer IV Medium Tank
Jericho Trumpet
Panzer IV Medium Tank
Panzer IV Medium Tank
Selects King Tiger Heavy Tank
Panzer IV Medium Tank
Pioneer Squad
Phan
kamacura
SoldMyDad
shadow 2
TwistedTootsy
ToxicCheeseMan
Dark Angels
郑凯文
0
0

Comments sign in to comment!

No comments posted yet!